 Dungeon Crawl Stone Soup version 0.18-a0-1782-gb76a692 (webtiles) character file.

17 4thArraOfDagon the Poker (level 2, 0/22 HPs)
             Began as a Mummy Warper on Apr 17, 2016.
             Was an Initiate of Okawaru.
             Slain by a giant gecko (2 damage)
             ... on level 1 of the Dungeon.
             The game lasted 00:01:44 (360 turns).

4thArraOfDagon the Poker (Mummy Warper)              Turns: 360, Time: 00:01:45

Health: 0/22       AC:  3    Str: 14    XL:     2   Next: 44%
Magic:  5/5        EV: 11    Int: 15    God:    Okawaru [......]
Gold:   37         SH:  0    Dex: 11    Spells: 1 memorised, 4 levels left

rFire  x . .     SeeInvis .     a - +0 spear
rCold  + . .     Gourm    .     b - +0 leather armour
rNeg   + + +     Faith    .     (no shield)
rPois  ∞         Spirit   .     (no helmet)
rElec  .         Dismiss  .     (no cloak)
rCorr  .         Reflect  .     (no gloves)
SustAt .         Harm     .     (no boots)
MR     .....                    (no amulet)
Stlth  +.........               i - +3 ring of intelligence (curse)
                                (no ring)

@: not resistant to hostile enchantments, very unstealthy
A: no food or potions, fire vulnerability, cold resistance 1, negative energy
resistance 3, torment resistance, unbreathing
a: Renounce Religion


You were on level 1 of the Dungeon.
You worshipped Okawaru.
Okawaru was noncommittal.
You were not hungry.

You visited 1 branch of the dungeon, and saw 2 of its levels.

You collected 37 gold pieces.

Inventory:

Hand Weapons
 a - a +0 spear (weapon)
Armour
 b - a +0 leather armour (worn)
Jewellery
 h - an uncursed ring of ice
 i - a cursed +3 ring of intelligence (right hand)
Scrolls
 d - a scroll of blinking
 f - a scroll of magic mapping {unknown}
 g - a scroll of identify {unknown}
 j - a scroll of random uselessness {unknown}
 k - a scroll of fog {unknown}
Books
 c - a book of Spatial Translocations

   Spells                             Type                      Level
   a - Apportation                    Translocation                1
   b - Blink                          Translocation                2
   c - Shroud of Golubria             Charms/Translocation         2
   d - Portal Projectile              Translocation                3
   e - Teleport Other                 Translocation                3
   f - Passage of Golubria            Translocation                4


   Skills:
 - Level 2.0 Fighting
 * Level 2.5 Polearms
 - Level 0.7 Throwing
 - Level 0.7 Armour
 - Level 1.5 Dodging
 - Level 2.0 Spellcasting
 - Level 2.4 Translocations


You had 4 spell levels left.
You knew the following spells:

 Your Spells              Type           Power        Failure   Level  Hunger
a - Apportation           Tloc           #.........   14%         1    N/A

Dungeon Overview and Level Annotations

Branches:
Dungeon (2/15)

Altars:
Dithmenos
Okawaru
Pakellas
Yredelemnul
Zin


Innate Abilities, Weirdness & Mutations

You do not eat or drink.
Your flesh is vulnerable to fire.
You are immune to poison.
Your flesh is cold resistant.
You are immune to negative energy.
You are immune to unholy pain and torment.
You can survive without breathing.


Message History

Things that are here:
a dagger; a kobold corpse A giant gecko comes into view.
You are too injured to fight recklessly!
You are too injured to fight recklessly!
You are too injured to fight recklessly!
Attack whom?
Press: ? - help, Dir - move target cursor, f - giant gecko
Aim: a giant gecko (clinging)
You reach to attack!
You closely miss the giant gecko. You miss the giant gecko.
The giant gecko closely misses you.
Throwing (i - inventory):
e - a tomahawk of dispersal (quivered)
Press: ? - help, Shift-Dir - straight line, f/p - giant gecko
Aim: a giant gecko (clinging)
You throw a tomahawk of dispersal.
The tomahawk of dispersal misses the giant gecko.
The giant gecko bites you.
* * * LOW HITPOINT WARNING * * *
The giant gecko bites you.
You die...

#......# # #.###.##
# #.# ... #.# ####
#.##############
#l..............
#..#############
#####..##).......##.
#..@l.....#)......#.
#.#########.#..#..#.
#.# #.#..#..#. #.#
#.#.....#. #.#
#.#....### #.#
#.#....... #.#
#.#.###### #.#
#.#....... #.#
#.########


You could see a giant gecko.

Vanquished Creatures
  2 dart slugs (D:1)
  A giant gecko (D:1)
  A ball python (D:1)
  4 hobgoblins (D:1)
  A giant newt (D:2)
  2 kobolds (D:1)
11 creatures vanquished.

Notes
Turn   | Place    | Note
--------------------------------------------------------------
     0 | D:1      | 4thArraOfDagon the Mummy Warper began the quest for the Orb.
     0 | D:1      | Reached XP level 1. HP: 16/16 MP: 3/3
   158 | D:2      | Found a glowing silver altar of Zin.
   160 | D:2      | Found an oddly glowing altar of Pakellas.
   161 | D:2      | Found a basalt altar of Yredelemnul.
   162 | D:2      | Found an iron altar of Okawaru.
   163 | D:2      | Found a shadowy altar of Dithmenos.
   177 | D:2      | Became a worshipper of Warmaster Okawaru
   244 | D:1      | Reached XP level 2. HP: 11/22 MP: 5/5
   323 | D:1      | HP: 1/22 [kobold/dagger (4)]
   360 | D:1      | Slain by a giant gecko

Vault maps used:
D:1:      matt_arrival_los_fun
D:2:      marbit_many_paths, grunt_temple_overflow_open,
          makhleb_altar_promises_db

Skill      XL: |  1 |
---------------+----+-----
Polearms       | 2 |  2.5
Fighting       | |  2.0
Throwing       | |  0.7
Armour         | |  0.7
Dodging        | |  1.5
Spellcasting   | |  2.0
Translocations | |  2.4

Action                   || total
-------------------------++-------
Melee: Spear             ||    37
Throw: Tomahawk          ||     5
 Stab: Sleeping          ||     1
Armor: Leather armour    ||     4
Dodge: Dodged            ||     8
